 Dungeon Crawl Stone Soup version 0.30.0-20-g3615ddf2f0 (webtiles) character file.

Game seed: 14752317234087620977

2616 qw the Cleaver (level 9, -4/55 HPs)
             Began as a Gargoyle Fighter on May 29, 2023.
             Was a Follower of Okawaru.
             Slain by a boulder beetle (14 damage)
             ... on level 8 of the Dungeon.
             The game lasted 00:02:46 (6985 turns).

qw the Cleaver (Gargoyle Fighter)                   Turns: 6985, Time: 00:02:47

Health: -4/55      AC: 24    Str: 30    XL:     9   Next: 60%
Magic:  11/12      EV:  9    Int:  9    God:    Okawaru [*.....]
Gold:   390        SH:  5    Dex:  9    Spells: 8/8 levels left

rFire   + . .        Y - +0 war axe
rCold   . . .        c - +0 buckler
rNeg    + . .        t - +0 plate armour
rPois   inf          h - +1 helmet
rElec   +            m - +0 cloak
rCorr   .            (no gloves)
SInv    .            (no boots)
Will    .....        j - amulet of faith Stlth
                     f - ring of protection from fire
HPRegen 0.29/turn    l - +6 ring of strength
MPRegen 0.13/turn

%: faith
@: about to teleport, heroic
A: sickness immunity, AC +6, negative energy resistance 1, electricity
resistance, torment resistance 1, petrification resistance
a: Renounce Religion, Heroism


You were on level 8 of the Dungeon.
You worshipped Okawaru.
Okawaru was aware of your devotion.
You visited 2 branches of the dungeon, and saw 9 of its levels.

You collected 390 gold pieces.


Innate Abilities, Weirdness & Mutations

You are immune to sickness and miasma.
Your stone body is resilient. (AC +6)
You are immune to poison.
You resist negative energy. (rN+)
You are resistant to electric shocks. (rElec)
You are resistant to unholy torment.
You are immune to petrification.


   Skills:
 + Level 6.2(11.2) Fighting
 - Level 9.0(14.0) Axes
 - Level 2.0(7.0) Throwing
 - Level 5.2(10.2) Armour
 - Level 1.7(6.7) Dodging
 - Level 4.1(9.1) Shields
 - Level 4.0 Invocations


You had 8 spell levels left.
You didn't know any spells.
Your spell library was empty.

Inventory:

Hand Weapons
 q - a +0 flail
 Y - a +0 war axe (weapon)
Missiles
 a - 4 boomerangs
 u - 2 javelins (quivered)
Armour
 c - a +0 buckler (worn)
 h - a +1 helmet (worn)
 m - a +0 cloak (worn)
 t - a +0 plate armour (worn)
Jewellery
 f - a ring of protection from fire (left hand)
 j - an amulet of faith (around neck)
 l - a +6 ring of strength (right hand)
Scrolls
 e - 2 scrolls of identify
 o - a scroll of vulnerability {unknown}
Potions
 b - 2 potions of lignification {unknown}
 d - 2 potions of might
 i - a potion of berserk rage {unknown}
 k - a potion of brilliance {unknown}
 p - a potion of magic {unknown}
 r - a potion of attraction {unknown}
 s - a potion of curing {unknown}

Dungeon Overview and Level Annotations

Branches:
Dungeon (8/15)             Temple (1/1) D:5
   Lair: D:8-11

Altars:
Ashenzari
Cheibriados
Dithmenos
Fedhas
Gozag
Hepliaklqana
Kikubaaqudgha
Makhleb
Nemelex Xobeh
Okawaru
Qazlal
Ru
Sif Muna
Trog
Uskayaw
Wu Jian
Xom
Zin
The Shining One

Shops:
D:1 (   D:7 :


Message History

6971 ||| Stepping ~*~*~tactically~*~*~ (stealth).
The boulder beetle curls into a ball and begins rolling!
6973 ||| INVOKING Heroism.
You gain the combat prowess of a mighty hero.
You barely miss the boulder beetle. The boulder beetle hits you!!
The boulder beetle stops rolling and uncurls.
You slice the boulder beetle!!
The boulder beetle is moderately wounded.
The boulder beetle closely misses you.
You slash the boulder beetle!
The boulder beetle is heavily wounded.
The boulder beetle bites you but does no damage.
You slash the boulder beetle!
The boulder beetle is heavily wounded.
You hit the boulder beetle.
The boulder beetle is heavily wounded.
The boulder beetle bites you but does no damage.
You hit the boulder beetle.
The boulder beetle is severely wounded.
The boulder beetle bites you.
You hit the boulder beetle but do no damage.
The boulder beetle is severely wounded.
The boulder beetle barely misses you.
You hit the boulder beetle but do no damage.
The boulder beetle is severely wounded.
The boulder beetle bites you but does no damage.
You barely miss the boulder beetle.
The boulder beetle is heavily wounded.
You block the boulder beetle's attack.
You slash the boulder beetle!
The boulder beetle is severely wounded.
You slash the boulder beetle!
The boulder beetle is almost dead.
The boulder beetle bites you!
6985 ||| READING scroll of teleportation.
As you read the scroll of teleportation, it crumbles to dust.
You feel strangely unstable. The boulder beetle bites you!
You die...

#.#.###.##.###########
#.#.# #.##.#........(#
#.#.# #.##.#.#######.#
#.#.# #.##.#.# #.#
#.#.# ...#.#.# #.#
..#.# ####.#.#
#.####### ###.. ...#.#
#.##..... ###.####B#.#
#.##..... .......@.#
####'##.....
#.######.#
#...........
######...........
#>...+...........
#..###...........
##...............
####............
##.###.#.#+##
#..##+#.#.##


You could see a boulder beetle.

Vanquished Creatures
  4 vampire mosquitoes (D:8)
  A water moccasin (D:7)
  2 orc warriors (D:6)
  2 black bears (D:4)
  A sky beast (D:6)
  2 ogres
  A centaur (D:4)
  A phantom (D:6)
  A kobold brigand (D:8)
  3 bullfrogs
  A scorpion (D:4)
  3 killer bees (D:7)
  2 howler monkeys (D:7)
  4 hounds
  4 jellies
  A gnoll bouda (D:8)
  3 orc priests
  A sleepcap (D:5)
  An iguana (D:6)
  2 orc wizards
  9 adders
  7 gnolls
  A shadow imp (D:6)
  2 worms
  8 dart slugs
  12 orcs
  5 bats
  7 endoplasms
  3 hobgoblins
  6 jackals
  6 kobolds
  3 quokkas
  5 ball pythons
  6 frilled lizards
  6 goblins
  4 rats
130 creatures vanquished.

Notes
Turn   | Place    | Note
-------+----------+-------------------------------------------
     0 | D:1      | qw the Gargoyle Fighter began the quest for the Orb.
     0 | D:1      | Reached XP level 1. HP: 14/14 MP: 1/1
     0 | D:1      | 0 ||| qw: Version: 0.2-a-102-g2b76a06
     0 | D:1      | 0 ||| qw: Game counter: 417
     0 | D:1      | 0 ||| qw: Always use a shield: true
     0 | D:1      | 0 ||| qw: God list: Okawaru
     0 | D:1      | 0 ||| qw: Allow faded altars: false
     0 | D:1      | 0 ||| qw: Do Orc after D:15 true
     0 | D:1      | 0 ||| qw: Do second Lair branch before Depths: true
     0 | D:1      | 0 ||| qw: Lair rune preference: random
     0 | D:1      | 0 ||| qw: Plans: Normal, Zot:1-4, Slime:5, God:TSO, Crypt,
                  | Tomb, Pan, Hells, Abyss, Win
     0 | D:1      | 0 ||| PLANNING D:1-11
    70 | D:1      | You fall into a shaft and drop 1 floor!
    84 | D:2      | HP: 1/14 [worm (8)]
    86 | D:2      | Reached skill level 2 in Axes
   182 | D:2      | Reached XP level 2. HP: 14/19 MP: 2/2
   301 | D:2      | 301 ||| UPGRADING to ring of protection from fire.
   338 | D:1      | Reached skill level 3 in Axes
   359 | D:1      | Reached XP level 3. HP: 23/23 MP: 3/3
   626 | D:1      | 626 ||| Stepping ~*~*~tactically~*~*~ (hiding).
   627 | D:1      | 627 ||| Stepping ~*~*~tactically~*~*~ (hiding).
   632 | D:1      | 632 ||| Stepping ~*~*~tactically~*~*~ (hiding).
   738 | D:1      | Found Siwn's Antique Weapon Boutique.
   897 | D:1      | 897 ||| UPGRADING to +6 ring of strength.
   898 | D:1      | 898 ||| READING scroll labelled HOTUUF ETUMAZAH.
   899 | D:1      | 899 ||| READING scroll labelled DENO INEUDGHIKE.
  1000 | D:1      | 1000 ||| READING scroll labelled PYUTWY ISUENN.
  1037 | D:2      | 1037 ||| Stepping ~*~*~tactically~*~*~ (stealth).
  1039 | D:2      | 1039 ||| Stepping ~*~*~tactically~*~*~ (hiding).
  1053 | D:2      | Reached XP level 4. HP: 28/28 MP: 4/4
  1074 | D:2      | 1074 ||| Stepping ~*~*~tactically~*~*~ (hiding).
  1249 | D:2      | 1249 ||| Stepping ~*~*~tactically~*~*~ (hiding).
  1420 | D:2      | Reached skill level 4 in Axes
  1680 | D:2      | 1680 ||| UPGRADING to amulet of faith.
  1812 | D:3      | Identified the +6 dagger "Viechiuc" {elec, Will+}
  2416 | D:3      | 2416 ||| READING scroll labelled PERCHU ZYSILEDU.
  2417 | D:3      | 2417 ||| READING scroll labelled WOOWIOHAPH.
  2418 | D:3      | 2418 ||| DRINKING 2 yellow potions.
  2419 | D:3      | 2419 ||| DROPPING potion of flight.
  2634 | D:4      | Noticed a black bear
  2640 | D:4      | Killed a black bear
  2641 | D:4      | Reached skill level 5 in Axes
  2641 | D:4      | Reached XP level 5. HP: 24/32 MP: 5/5
  2687 | D:4      | 2687 ||| Stepping ~*~*~tactically~*~*~ (hiding).
  2734 | D:4      | Reached skill level 1 in Dodging
  2734 | D:4      | Reached XP level 6. HP: 34/37 MP: 6/6
  2859 | D:4      | Noticed a black bear
  2866 | D:4      | Killed a black bear
  2982 | D:4      | 2982 ||| Stepping ~*~*~tactically~*~*~ (hiding).
  2990 | D:4      | 2990 ||| Stepping ~*~*~tactically~*~*~ (stealth).
  3031 | D:4      | 3031 ||| DROPPING +0 whip of flaming.
  3192 | D:4      | Identified the staff of poison "Peuzik" {rPois Int+2}
  3206 | D:4      | 3206 ||| Stepping ~*~*~tactically~*~*~ (hiding).
  3218 | D:4      | Reached skill level 6 in Axes
  3218 | D:4      | Reached XP level 7. HP: 33/44 MP: 7/7
  3399 | D:4      | 3399 ||| Stepping ~*~*~tactically~*~*~ (hiding).
  3483 | D:4      | 3483 ||| UPGRADING to +0 helmet.
  3488 | D:4      | 3488 ||| UPGRADING to +0 cloak.
  3493 | D:4      | 3493 ||| READING scroll labelled RIL RORPHOJA.
  3494 | D:4      | 3494 ||| READING 2 scrolls labelled ACHIJI EXKIFRI.
  3495 | D:4      | 3495 ||| DROPPING scroll of noise.
  3527 | D:5      | Entered Level 5 of the Dungeon
  3650 | D:5      | 3650 ||| DROPPING +1 hand axe of distortion.
  3656 | D:5      | 3656 ||| Stepping ~*~*~tactically~*~*~ (hiding).
  3658 | D:5      | 3658 ||| Stepping ~*~*~tactically~*~*~ (hiding).
  3659 | D:5      | 3659 ||| Stepping ~*~*~tactically~*~*~ (hiding).
  3679 | D:5      | 3679 ||| FLEEEEING.
  3696 | D:5      | Reached skill level 1 in Throwing
  3820 | D:5      | Found a staircase to the Ecumenical Temple.
  3821 | D:5      | 3821 ||| PLANNING TEMPLE
  3821 | D:5      | 3821 ||| UPGRADING to +0 chain mail.
  3831 | D:5      | 3831 ||| DROPPING +0 scale mail.
  3840 | Temple   | Entered the Ecumenical Temple
  3840 | Temple   | Found a transporter.
  3840 | Temple   | Found a transporter.
  3842 | Temple   | Found a transporter.
  3842 | Temple   | Found a transporter.
  3852 | Temple   | 3852 ||| PLANNING D:1-11
  3855 | Temple   | 3855 ||| PLANNING OKAWARU WORSHIP
  3859 | Temple   | Became a worshipper of Warmaster Okawaru
  3859 | Temple   | 3859 ||| PLANNING D:1-11
  4057 | D:5      | Found a stormy altar of Qazlal.
  4059 | D:5      | Found a hazy altar of Hepliaklqana.
  4062 | D:5      | Found a broken altar of Ashenzari.
  4145 | D:5      | Reached skill level 7 in Axes
  4371 | D:5      | 4371 ||| READING scroll labelled MEAPRI BOMAEPY.
  4448 | D:6      | Reached XP level 8. HP: 48/48 MP: 8/8
  4550 | D:6      | 4550 ||| Stepping ~*~*~tactically~*~*~ (hiding).
  4551 | D:6      | 4551 ||| Stepping ~*~*~tactically~*~*~ (hiding).
  4557 | D:6      | Reached * piety under Okawaru
  4562 | D:6      | 4562 ||| INVOKING Heroism.
  4574 | D:6      | HP: 10/49 [orc priest/divine providence (15)]
  4575 | D:6      | 4575 ||| READING 2 scrolls of teleportation.
  4577 | D:6      | 4577 ||| INVOKING Heroism.
  4778 | D:6      | Found a hide-covered altar of Uskayaw.
  4868 | D:6      | 4868 ||| Stepping ~*~*~tactically~*~*~ (stealth).
  4889 | D:6      | 4889 ||| INVOKING Heroism.
  4890 | D:6      | 4890 ||| INVOKING Heroism.
  4894 | D:6      | Reached skill level 8 in Axes
  5061 | D:6      | 5061 ||| Stepping ~*~*~tactically~*~*~ (hiding).
  5065 | D:6      | 5065 ||| INVOKING Heroism.
  5077 | D:6      | 5077 ||| INVOKING Heroism.
  5487 | D:6      | 5487 ||| UPGRADING to +0 plate armour.
  5497 | D:6      | 5497 ||| DROPPING +0 chain mail.
  5498 | D:6      | 5498 ||| READING 2 scrolls labelled DUONAU ANOPS.
  5499 | D:6      | 5499 ||| READING scroll labelled OMMUMMO OTZIN.
  5580 | D:7      | 5580 ||| Stepping ~*~*~tactically~*~*~ (hiding).
  5585 | D:7      | 5585 ||| INVOKING Heroism.
  5605 | D:7      | 5605 ||| Stepping ~*~*~tactically~*~*~ (hiding).
  5674 | D:7      | 5674 ||| INVOKING Heroism.
  5676 | D:7      | Reached skill level 6 in Fighting
  5676 | D:7      | Reached XP level 9. HP: 37/55 MP: 6/9
  5817 | D:7      | Found Jimpox's Book Emporium.
  6021 | D:7      | Reached skill level 1 in Invocations
  6100 | D:7      | 6100 ||| READING scroll labelled SIPLIH JOFIC.
  6101 | D:7      | 6101 ||| READING scroll labelled UTSIMER PAINIA.
  6144 | D:8      | 6144 ||| INVOKING Heroism.
  6249 | D:8      | 6249 ||| INVOKING Heroism.
  6252 | D:8      | Reached skill level 3 in Invocations
  6256 | D:8      | Reached skill level 9 in Axes
  6367 | D:8      | 6367 ||| READING scroll of enchant armour.
  6367 | D:8      | 6367 ||| ENCHANTING +0 helmet.
  6476 | D:8      | 6476 ||| Stepping ~*~*~tactically~*~*~ (hiding).
  6652 | D:8      | 6652 ||| INVOKING Heroism.
  6756 | D:8      | Noticed a boulder beetle
  6758 | D:8      | 6758 ||| INVOKING Heroism.
  6768 | D:8      | HP: 2/55 [boulder beetle (12)]
  6769 | D:8      | 6769 ||| READING 2 scrolls of teleportation.
  6770 | D:8      | 6770 ||| DRINKING potion of heal wounds.
  6971 | D:8      | 6971 ||| Stepping ~*~*~tactically~*~*~ (stealth).
  6973 | D:8      | 6973 ||| INVOKING Heroism.
  6984 | D:8      | HP: 9/55 [boulder beetle (17)]
  6985 | D:8      | 6985 ||| READING scroll of teleportation.
  6985 | D:8      | Slain by a boulder beetle

Levels and vault maps discovered:
D:1:      onia_arrival_pentagram, layout_basic, serial_shops,
          nicolae_square_shop
D:2:      layout_loops_ring, dreamdust_ecumenical_altar_angels_and_demons,
          grunt_ministairs_13, minmay_tromino_v4_a
D:3:      layout_basic
D:4:      nicolae_cairo_tiling_very_big, layout_basic, nicolae_underground_beach
D:5:      minmay_spotlight, layout_basic, minitemple, temple_fountains,
          kennysheep_generic_room_4
D:6:      layout_basic, kennysheep_little_box
D:7:      layout_basic, serial_shops, nicolae_shop_behind_doors
D:8:      layout_basic
Temple:   hellmonk_temple_divided_pantheon

Skill      XL: |  1  2  3  4  5  6  7  8  9 |
---------------+----------------------------+-----
Axes           | 2 3 5 6 7 8 9 |  9.0
Dodging        | 1 |  1.7
Fighting       | 4 6 |  6.2
Throwing       | 1 2 |  2.0
Armour         | 5 |  5.2
Invocations    | 4 |  4.0
Shields        | 4 |  4.1

Action                     |  1- 3 |  4- 6 |  7- 9 || total
---------------------------+-------+-------+-------++-------
  Melee: War axe           |    76 |   100 |   213 ||   389
  Throw: Boomerang         |       |    40 |     5 ||    45
         Javelin           |       |       |    38 ||    38
 Invoke: Heroism           |       |       |    12 ||    12
    Use: Scroll            |     3 |     2 |    11 ||    16
         Potion            |       |     1 |     1 ||     2
 Armour: Scale mail        |    34 |    54 |    21 ||   109
         Chain mail        |       |       |    52 ||    52
         Plate armour      |       |       |    88 ||    88
  Dodge: Dodged            |    41 |    44 |    82 ||   167
  Block: Buckler           |     8 |    28 |    36 ||    72

Table legend:
 A = Non-vault XP
 B = Vault XP
 C = Vault XP percentage of total XP
 D = Non-vault monster count
 E = Vault monster count
 F = Vault count percentage of total count
                 A         B        C        D         E       F
            +---------+---------+-------+---------+---------+-------
      Total |    3664 |      74 |   2.0 |     124 |       6 |   4.6
            +---------+---------+-------+---------+---------+-------
        D:1 |      32 |       0 |   0.0 |      17 |       0 |   0.0
        D:2 |      75 |       3 |   3.8 |      18 |       3 |  14.3
        D:3 |      35 |       0 |   0.0 |      12 |       0 |   0.0
        D:4 |     583 |       0 |   0.0 |      21 |       0 |   0.0
        D:5 |     309 |      71 |  18.7 |      10 |       3 |  23.1
        D:6 |    1001 |       0 |   0.0 |      20 |       0 |   0.0
        D:7 |     618 |       0 |   0.0 |      12 |       0 |   0.0
        D:8 |    1011 |       0 |   0.0 |      14 |       0 |   0.0
            +---------+---------+-------+---------+---------+-------
